 Dungeon Crawl Stone Soup version 0.22-a0-392-g5dc3fd9 (webtiles) character file.

457 Kairos the Chopper (level 6, -3/56 HPs)
             Began as a Deep Dwarf Monk on May 2, 2018.
             Slain by a phantom (5 damage)
             ... on level 4 of the Dungeon.
             The game lasted 00:06:08 (3160 turns).

Kairos the Chopper (Deep Dwarf Monk)                Turns: 3160, Time: 00:06:09

Health: -3/56      AC: 13    Str: 17    XL:     6   Next: 77%
Magic:  4/4        EV:  4    Int: 10    God:
Gold:   224        SH:  9    Dex: 15    Spells: 5/5 levels left

rFire    + . .     SeeInvis .   a - +0 hand axe
rCold    + . .     Gourm    .   g - +0 shield
rNeg     . . .     Faith    .   d - +0 plate armour
rPois    .         Spirit   .   b - +1 helmet
rElec    .         Reflect  .   p - scarf {rC+ rF+}
rCorr    .         Harm     .   (no gloves)
MR       .....                  (no boots)
Stlth    ..........             (no amulet)
HPRegen  0.00/turn              (no ring)
MPRegen  0.09/turn              (no ring)

@: non-regenerating
A: damage resistance, heal wounds, sense surroundings 1, no regeneration
a: Heal Wounds


You were on level 4 of the Dungeon.
You were very hungry.

You visited 1 branch of the dungeon, and saw 4 of its levels.

You collected 224 gold pieces.

Inventory:

Hand Weapons
 a - a +0 hand axe (weapon)
Missiles
 s - 8 curare-tipped needles
Armour
 b - a +1 helmet (worn)
 d - a +0 plate armour (worn)
 g - a +0 shield (worn)
 j - a +0 helmet
 p - a scarf of resistance (worn)
Jewellery
 m - an uncursed ring of ice
Scrolls
 e - 2 scrolls of blinking {unknown}
 f - 7 scrolls of identify {unknown}
 h - 2 scrolls of random uselessness {unknown}
 l - 2 scrolls of remove curse {unknown}
 n - a scroll of amnesia {unknown}
 q - a scroll of fog {unknown}
Potions
 i - 2 potions of lignification {unknown}
 k - a potion of might {unknown}
 o - a potion of flight {unknown}
Comestibles
 c - 7 rations


   Skills:
 + Level 3.3 Fighting
 + Level 6.3 Axes
 + Level 3.1 Armour
 + Level 3.6 Dodging
 + Level 3.0 Stealth
 + Level 2.4 Shields


You had 5 spell levels left.
You didn't know any spells.

Dungeon Overview and Level Annotations

Branches:
Dungeon (4/15)
 Temple: D:4-7

Altars:
Gozag
Okawaru
Trog


Innate Abilities, Weirdness & Mutations

You are resistant to damage.
You can heal yourself by infusing magical energy.
You passively map a small area around you.
You do not regenerate.


Message History

The phantom hits you.
* * * LOW HITPOINT WARNING * * *
The phantom blinks! x2
The phantom hits you but does no damage.
You hit the phantom.
The phantom is heavily damaged.
The phantom hits you but does no damage. x2
Your shield prevents you from hitting the phantom.
The phantom is moderately damaged.
You block the phantom's attack.
You hit the phantom but do no damage.
The phantom is moderately damaged.
The phantom hits you.
You hit the phantom.
The phantom is heavily damaged.
You block the phantom's attack.
You hit the phantom.
The phantom is heavily damaged.
The phantom hits you.
You die...

* ### ......# * ....##.#
### ,###[..# *#.# #..
..#..# #.## #..## #...#
#<## #..## ###...#
##..### *#..####.....#
#...... #..)....@W..#
##..##... #..#####....#
#..#*##.. ##..# ##...#
##.# ###. #...# ###.#
#..####..# #..#.## ##
#........# *#.###..#
##### ##........ #.#
##.######...####...####.
#.
#..................####
# *
###.######...#####....#


You could see a phantom.

Vanquished Creatures
  A scorpion (D:4)
  A bullfrog skeleton (D:4)
  An orc priest (D:4)
  4 orc wizards
  A worker ant (D:4)
  Natasha (thrice) (D:3)
  A gnoll (D:1)
  7 adders
  An ooze (D:2)
  A worm (D:3)
  2 dart slugs
  2 leopard geckos
  4 orcs (D:4)
  2 ball pythons
  4 giant cockroaches
  2 hobgoblins
  2 jackals (D:1)
  9 kobolds
  A quokka (D:2)
  6 bats
  4 frilled lizards
  6 goblins
  A quokka skeleton (D:3)
  9 rats
75 creatures vanquished.

Notes
Turn   | Place    | Note
-------+----------+-------------------------------------------
     0 | D:1      | Kairos the Deep Dwarf Monk began the quest for the Orb.
     0 | D:1      | Reached XP level 1. HP: 20/20 MP: 1/1
   316 | D:1      | Reached XP level 2. HP: 28/28 MP: 2/2
   487 | D:1      | Reached XP level 3. HP: 27/34 MP: 3/3
   696 | D:2      | Found an opulent altar of Gozag.
   802 | D:2      | Reached skill level 4 in Axes
  1228 | D:2      | Found an iron altar of Okawaru.
  1230 | D:2      | Found a bloodstained altar of Trog.
  1288 | D:2      | Reached skill level 1 in Armour
  1288 | D:2      | Reached skill level 1 in Shields
  1288 | D:2      | Reached XP level 4. HP: 30/42 MP: 4/4
  1642 | D:3      | Noticed Natasha
  1651 | D:3      | Killed Natasha
  1732 | D:3      | Noticed Natasha
  1811 | D:3      | Killed Natasha
  1811 | D:3      | Reached skill level 5 in Axes
  1811 | D:3      | Reached XP level 5. HP: 30/49 MP: 4/4
  1869 | D:3      | Noticed Natasha
  1879 | D:3      | Killed Natasha
  2572 | D:4      | Reached XP level 6. HP: 18/56 MP: 4/4
  2640 | D:4      | Reached skill level 6 in Axes
  3151 | D:4      | HP: 2/56 [phantom (4)]
  3160 | D:4      | Slain by a phantom

Vault maps used:
D:1:      nzn_arrival_settlement, minmay_misc_feat_iff
D:2:      nicolae_overflow_crystal_walls,
          chequers_temple_overflow_statue_of_worship, first_ration,
          minmay_tripent
D:3:      uniq_natasha

Skill      XL: |  1  2  3  4  5  6 |
---------------+-------------------+-----
Fighting       | 3 |  3.3
Axes           | 4 5 6 |  6.3
Armour         | 1 2 3 |  3.1
Shields        | 1 2 |  2.4
Stealth        | 3 |  3.0
Dodging        | |  3.6

Action                   |  1- 3 |  4- 6 || total
-------------------------+-------+-------++-------
Melee: Hand axe          |   125 |   304 ||   429
 Abil: Heal Wounds       |       |     3 ||     3
  Eat: Chunk             |       |     7 ||     7
Armor: Plate armour      |   101 |   184 ||   285
Dodge: Dodged            |     8 |    33 ||    41
Block: Shield            |    50 |   123 ||   173

Table legend:
 A = Spawn XP
 B = Non-spawn XP
 C = Spawn XP percentage of total XP
 D = Spawn monster count
 E = Non-spawn monster count
 F = Spawn count percentage of total count
 G = Total turns spent on level
                    A         B        C        D         E        F      G
               +---------+---------+-------+---------+---------+-------+---------
         Total |       0 |     653 |   0.0 |       0 |      75 |   0.0 |  3160
               +---------+---------+-------+---------+---------+-------+---------
           D:1 |       0 |      45 |   0.0 |       0 |      21 |   0.0 |   696
           D:2 |       0 |      86 |   0.0 |       0 |      19 |   0.0 |   892
           D:3 |       0 |     157 |   0.0 |       0 |      17 |   0.0 |   798
           D:4 |       0 |     365 |   0.0 |       0 |      18 |   0.0 |   774
               +---------+---------+-------+---------+---------+-------+---------
